 Dungeon Crawl Stone Soup version 0.20.0-15-g7f486f2 (webtiles) character file.

16 Sunburn the Firebug (level 2, -3/27 HPs)
             Began as an Ogre Fire Elementalist on June 25, 2017.
             Slain by a leopard gecko (4 damage)
             ... on level 1 of the Dungeon.
             The game lasted 00:01:32 (405 turns).

Sunburn the Firebug (Ogre Fire Elementalist)         Turns: 405, Time: 00:01:33

Health: -3/27      AC:  3    Str: 11    XL:     2   Next: 54%
Magic:  3/5        EV: 10    Int: 16    God:
Gold:   1          SH:  0    Dex:  9    Spells: 5/6 levels left

rFire    . . .     SeeInvis .   d - +0 mace
rCold    . . .     Gourm    .   (no shield)
rNeg     . . .     Faith    .   a - +0 robe
rPois    .         Spirit   .   (helmet restricted)
rElec    .         Reflect  .   (no cloak)
rCorr    .         Harm     .   (gloves unavailable)
MR       .....                  (boots unavailable)
Stlth    +.........             (no amulet)
Regen    0.1/turn               (no ring)
MPRegen  0.1/turn               (no ring)

@: very slightly contaminated
A: unfitting armour, tough skin 1
a: no special abilities


You were on level 1 of the Dungeon.
You were not hungry.

You visited 1 branch of the dungeon, and saw 1 of its levels.

You collected 1 gold pieces.

Inventory:

Hand Weapons
 d - a +0 mace (weapon)
 g - a +0 dagger
Armour
 a - a +0 robe (worn)
Jewellery
 h - a +3 ring of protection {unknown}
Books
 b - a book of Flames

   Spells                             Type                      Level
   a - Flame Tongue                   Conjuration/Fire             1
   b - Throw Flame                    Conjuration/Fire             2
   c - Conjure Flame                  Conjuration/Fire             3
   d - Inner Flame                    Hexes/Fire                   3
   e - Sticky Flame                   Conjuration/Fire             4
   f - Fireball                       Conjuration/Fire             5
Comestibles
 c - a bread ration
 f - 3 chunks of flesh


   Skills:
 * Level 1.0 Fighting
 + Level 0.1 Maces & Flails
 - Level 1.7 Dodging
 - Level 1.4 Stealth
 + Level 2.8 Spellcasting
 * Level 1.1 Conjurations
 + Level 3.0 Fire Magic


You had 5 spell levels left.
You knew the following spells:

 Your Spells              Type           Power        Failure   Level  Hunger
a - Flame Tongue          Conj/Fire      #....        9%          1    #......


Dungeon Overview and Level Annotations

Branches:
Dungeon (1/15)

Altars:


Innate Abilities, Weirdness & Mutations

You are too large for most types of armour.
You have tough skin. (AC +1)


Message History

The hobgoblin shouts!
You hit the hobgoblin.
You kill the hobgoblin!
Your Fighting skill increases to level 1!
The leopard gecko closely misses you.
The jackal bites you but does no damage.
You hit the jackal.
The jackal is heavily wounded.
The leopard gecko completely misses you.
The jackal misses you. The leopard gecko barely misses you.
The jackal bites you but does no damage.
You closely miss the jackal.
The jackal is heavily wounded.
The leopard gecko closely misses you. The jackal bites you.
* * * LOW HITPOINT WARNING * * *
The leopard gecko misses you.
You hit the jackal.
You kill the jackal!
The leopard gecko bites you.
You die...

#......#.....#
....#......#.....#
....#......#...........
................................
......... .............# .......
.......#####..........###.......
...........#..........##...#....
.....##....#...##.....##........
.h...##.......g)@.....##........
.....##........l.#............#.
.....##..........#......(.......
............##...#..............
.###....###'##...#....)..#.....$
........# #.######.......#......
........###.## #.......# ...#.
.....(..##...# #.......# ...#
........##...# ##....### ..#


You could see a leopard gecko and a hobgoblin.

Vanquished Creatures
  A dart slug (D:1)
  2 bats (D:1)
  A giant cockroach (D:1)
  2 goblins (D:1)
  A hobgoblin (D:1)
  3 jackals (D:1)
  2 kobolds (D:1)
12 creatures vanquished.

Notes
Turn   | Place    | Note
-------+----------+-------------------------------------------
     0 | D:1      | Sunburn the Ogre Fire Elementalist began the quest for the Orb.
     0 | D:1      | Reached XP level 1. HP: 16/16 MP: 3/3
    28 | D:1      | Reached skill level 1 in Conjurations
   330 | D:1      | Reached XP level 2. HP: 23/26 MP: 3/5
   377 | D:1      | Reached skill level 3 in Fire Magic
   402 | D:1      | Reached skill level 1 in Fighting
   404 | D:1      | HP: 1/27 [jackal (2)]
   405 | D:1      | Slain by a leopard gecko

Skill      XL: |  1  2 |
---------------+-------+-----
Conjurations   | 1 |  1.1
Fire Magic     | 3 |  3.0
Fighting       | 1 |  1.0
Maces & Flails | |  0.1
Dodging        | |  1.7
Stealth        | |  1.4
Spellcasting   | |  2.8

Action                   || total
-------------------------++-------
Melee: Mace              ||    51
 Cast: Flame Tongue      ||     8
  Use: Scroll            ||     1
Armor: Robe              ||    44
Dodge: Dodged            ||    56
